 Dungeon Crawl Stone Soup version 0.22-a0-40-g3d2f077 (webtiles) character file.

5046 tidbits the Reanimator (level 10, 74/74 HPs)
             Began as a Gnoll Necromancer on Jan 4, 2018.
             Quit the game on level 7 of the Dungeon.
             The game lasted 00:26:20 (2821 turns).

tidbits the Reanimator (Gnoll Necromancer)          Turns: 2821, Time: 00:26:20

Health: 74/74      AC:  5    Str: 10    XL:     10   Next: 55%
Magic:  21/21      EV: 18    Int: 29    God:
Gold:   365        SH:  0    Dex: 22    Spells: 10/23 levels left

rFire    . . .     SeeInvis .   U - +5 spear of the Aged Realms {elec, rPois rF- Dex+2}
rCold    + + .     Gourm    .   (no shield)
rNeg     . . .     Faith    .   B - +1 robe {rC+}
rPois    +         Spirit   .   (no helmet)
rElec    .         Reflect  .   q - scarf {rC+ rF+}
rCorr    .         Harm     .   G - +1 pair of gloves {Dex+3}
MR       .....                  (no boots)
Stlth    ++++......             P - amulet of magic regeneration
HPRegen  0.22/turn              p - +3 ring of intelligence
MPRegen  0.42/turn              x - +6 ring of intelligence

@: no status effects
A: distributed training, fangs 1, strong nose
a: no special abilities


You were on level 7 of the Dungeon.
You were hungry.

You visited 2 branches of the dungeon, and saw 10 of its levels.
You also visited: Ossuary and Bailey.

You collected 365 gold pieces.

Inventory:

Hand Weapons
 a - a +6 dire flail of protection
   (You took it off Edmund on level 5 of the Dungeon)
 d - a +0 dagger of venom
   (You took it off an orc wizard on level 7 of the Dungeon)
 e - a +2 mace of holy wrath
   (You took it off an orc on level 8 of the Dungeon)
 g - a +1 quarterstaff of protection
   (You found it on level 7 of the Dungeon)
 l - a +0 spear of piercing
   (You found it on level 1 of the Dungeon)
 n - a +0 mace
 o - a +2 great sword of holy wrath
   (You found it on level 7 of the Dungeon)
 t - a +0 whip of electrocution
   (You found it on level 3 of the Dungeon)
 K - a +2 whip of venom
   (You took it off a big kobold on level 6 of the Dungeon)
 L - a +0 shortbow
 R - a +1 battleaxe
 T - a +4 great sword
 U - the +5 spear of the Aged Realms (weapon) {elec, rPois rF- Dex+2}
   (You found it on level 8 of the Dungeon)

   Occasionally, upon striking a foe, it will discharge some electrical energy
   and cause terrible harm.
   It affects your dexterity (+2).
   It makes you vulnerable to fire.
   It protects you from poison.
 V - the +1 spear "Qorchegy" {flame, Int+2}
   (You found it on level 8 of the Dungeon)

   It has been specially enchanted to burn those struck by it, causing extra
   injury to most foes and up to half again as much damage against particularly
   susceptible opponents.
   It affects your intelligence (+2).
 W - a +2 flail of protection
   (You took it off an orc on level 3 of the Dungeon)
Missiles
 f - 19 stones (quivered)
 M - 69 arrows
Armour
 m - a +0 robe
 q - a scarf of resistance (worn)
   (You found it on level 2 of the Dungeon)
 B - a +1 robe of cold resistance (worn)
   (You took it off a wight on level 6 of the Dungeon)
 G - a +1 pair of gloves of dexterity (worn)
   (You found it in a bailey)
 Q - a +0 pair of gloves
 Y - the +0 fire dragon scales of the Moon {rF++ rC- Str+2 Dex+2}
   (You found it in a bailey)

   It affects your strength (+2).
   It affects your dexterity (+2).
   It greatly protects you from fire.
   It makes you vulnerable to cold.
Jewellery
 p - a +3 ring of intelligence (left hand)
   (You found it on level 2 of the Dungeon)
 x - a +6 ring of intelligence (right hand)
   (You found it on level 3 of the Dungeon)
 I - an uncursed ring of see invisible
   (You found it on level 3 of the Dungeon)
 P - an amulet of magic regeneration (around neck)
   (You found it on level 6 of the Dungeon)
Wands
 D - a wand of digging (22)
 H - a wand of paralysis (9)
Scrolls
 j - a scroll of enchant armour {unknown}
 u - 2 scrolls of teleportation
 w - 2 scrolls of amnesia
 C - 2 scrolls of fear {unknown}
 J - 2 scrolls of brand weapon {unknown}
 O - a scroll of random uselessness {unknown}
Potions
 h - 2 potions of berserk rage {unknown}
 k - 3 potions of lignification
 r - 3 potions of magic {unknown}
 s - 3 potions of degeneration {unknown}
 v - 2 potions of invisibility
 z - a potion of brilliance {unknown}
 A - 2 potions of mutation {unknown}
 E - 3 potions of heal wounds
 F - a potion of haste {unknown}
 N - a potion of might
 S - 2 potions of agility
Books
 b - a book of Necromancy

   Spells                             Type                      Level
   a - Pain                           Necromancy                   1
   b - Animate Skeleton               Necromancy                   1
   c - Vampiric Draining              Necromancy                   3
   d - Regeneration                   Charms/Necromancy            3
   e - Animate Dead                   Necromancy                   4
   f - Borgnjor's Vile Clutch         Necromancy/Earth             5
 X - a book of Party Tricks
   (You found it in a bailey)

   Spells                             Type                      Level
   a - Summon Butterflies             Summoning                    1
   b - Apportation                    Translocation                1
   c - Lesser Beckoning               Translocation                3
   d - Tukima's Dance                 Hexes                        3
   e - Alistair's Intoxication        Transmutation/Poison         5
   f - Invisibility                   Hexes                        6
Comestibles
 c - 8 rations


   Skills:
 + Level 5.3 Fighting
 + Level 5.3 Short Blades
 + Level 5.3 Long Blades
 + Level 5.3 Axes
 + Level 5.3 Maces & Flails
 + Level 5.3 Polearms
 + Level 5.3 Staves
 + Level 5.3 Slings
 + Level 5.3 Bows
 + Level 5.3 Crossbows
 + Level 5.3 Throwing
 + Level 5.3 Armour
 + Level 7.1 Dodging
 + Level 6.8 Stealth
 + Level 5.3 Shields
 + Level 5.3 Unarmed Combat
 + Level 7.4 Spellcasting
 + Level 4.3 Conjurations
 + Level 4.3 Hexes
 + Level 4.3 Charms
 + Level 4.3 Summonings
 + Level 8.4 Necromancy
 + Level 4.3 Translocations
 + Level 4.3 Transmutations
 + Level 4.3 Fire Magic
 + Level 4.3 Ice Magic
 + Level 4.3 Air Magic
 + Level 4.3 Earth Magic
 + Level 4.3 Poison Magic
 + Level 5.8 Invocations
 + Level 5.3 Evocations


You had 10 spell levels left.
You knew the following spells:

 Your Spells              Type           Power        Failure   Level  Hunger
a - Pain                  Necr           ####         1%          1    None
d - Vampiric Draining     Necr           ######....   1%          3    None
n - Animate Skeleton      Necr           N/A          1%          1    None
r - Regeneration          Chrm/Necr      #####.....   1%          3    None
v - Borgnjor's Vile Clut  Necr/Erth      #####.....   10%         5    ####...


Dungeon Overview and Level Annotations

Branches:
Dungeon (9/15)             Temple (1/1) D:6            Lair (0/6) D:8
    Orc: D:9-12

Altars:
Ashenzari
Dithmenos
Elyvilon
Fedhas
Gozag
Hepliaklqana
Kikubaaqudgha
Makhleb
Nemelex Xobeh
Okawaru
Qazlal
Ru
Sif Muna
Trog
Uskayaw
Vehumet
Wu Jian
Xom
Yredelemnul
Zin
The Shining One

Annotations:
D:7 p0werm0de's ghost, novice DsFE


Innate Abilities, Weirdness & Mutations

Your experience applies equally to all skills.
You have very sharp teeth.
Your uncanny sense of smell can sniff out nearby items.


Message History

You feel sick.
You feel sick.
You feel sick.
You are no longer poisoned.
A crimson imp comes into view.
The helpless crimson imp fails to defend itself.
You puncture the crimson imp!
The crimson imp is severely wounded.
The crimson imp misses you.
You hit the crimson imp.
The crimson imp is almost dead.
The crimson imp hits you but does no damage.
You hit the crimson imp.
Lightning courses through the crimson imp!
You kill the crimson imp!
Found a ration.
An orc comes into view. It is wielding a club.
You see here a ration.
c - 8 rations (gained 1)
An orc comes into view. It is wielding a short sword.
An orc priest comes into view.
The orc barely misses you.
You hit the orc. You bite the orc, but do no damage.
The orc is almost dead.
The orc closely misses you.
You barely miss the orc.
The orc is almost dead.
The orc hits you with a club. The orc misses you.
You hit the orc. Lightning courses through the orc!
You kill the orc!
The orc shouts!
Attack whom?
Press: ? - help, Dir - move target cursor, f - orc
Aim: an orc, wielding a short sword You reach to attack!
The orc priest shouts!
You puncture the orc! Lightning courses through the orc!
You kill the orc!
You hit the orc priest.
The orc priest is lightly wounded.
The orc priest barely misses you.
You closely miss the orc priest.
The orc priest is lightly wounded.
The orc priest hits you.
An orc priest comes into view. It is wielding a trident.
The orc priest shouts!
You puncture the orc priest! Your bite misses the orc priest.
The orc priest is severely wounded.
The orc priest barely misses you. x2
You hit the orc priest.
Lightning courses through the orc priest!
You kill the orc priest!
The orc priest misses you.
Attack whom?
Press: ? - help, Dir - move target cursor, f - orc priest
Aim: an orc priest, wielding a trident You reach to attack!
You puncture the orc priest!
The orc priest is heavily wounded.
Attack whom?
Press: ? - help, Dir - move target cursor, f/p - orc priest
Aim: an orc priest, wielding a trident (heavily wounded)
You reach to attack!
You puncture the orc priest!
You kill the orc priest!
No target in view!
No target in view!
Things that are here:
a short sword; an orc corpse A worker ant comes into view.
You see here a trident.
Attack whom?
Press: ? - help, Dir - move target cursor, f - worker ant
Aim: a worker ant You reach to attack!
You hit the worker ant but do no damage.
You hit the worker ant but do no damage.
The worker ant barely misses you.
You barely miss the worker ant. Your bite misses the worker ant.
The worker ant misses you.
You barely miss the worker ant. The worker ant bites you.
You closely miss the worker ant. Your punch misses the worker ant.
The worker ant bites you but does no damage.
You hit the worker ant.
You punch the worker ant, but do no damage.
The worker ant is moderately wounded.
The worker ant misses you.
You closely miss the worker ant.
The worker ant is moderately wounded.
The worker ant misses you.
You hit the worker ant.
The worker ant is severely wounded.
The worker ant closely misses you.
You hit the worker ant but do no damage.
Lightning courses through the worker ant!
You kill the worker ant!
You are feeling hungry.
Level annotation: p0werm0de's ghost, novice DsFE Welcome back, tidbits the Gnoll Necromancer.
Press ? for a list of commands and other information.
Are you sure you want to abandon this character and quit the game? (Confirm with "yes".)

..............#
#.......#
.......##.....#
#.......#
##..†####.....#
##.....## #...#
####### ##...##
###.# ########
....## #.# #..
..##.#### ####.# #.#
#.##.#
.....#####.####.##.#
###.............@..#
###.....##.####.####
)##.#...##......#
)...#############
)##.# ....# ....#
##..# ##..#


There were no monsters in sight!

Vanquished Creatures
  5 orc knights (Bailey)
  Prince Ribbit (D:5)
  2 hippogriffs (D:8)
  A steam dragon (D:8)
  Edmund (D:5)
  4 orc warriors
  An ogre (D:8)
  3 centaurs
  A big kobold (D:6)
  A water moccasin zombie (Ossuary)
  A scorpion (D:8)
  3 killer bees (D:7)
  8 wights
  A howler monkey (D:6)
  2 crimson imps
  A bullfrog zombie (D:6)
  A centaur zombie (D:6)
  A hound (D:8)
  3 orc priests
  A bullfrog skeleton (D:6)
  An orc wizard (D:7)
  3 worker ants
  5 big kobold zombies (Ossuary)
  2 mummies (Ossuary)
  6 adders
  A howler monkey skeleton (D:6)
  3 shadow imps
  6 adder zombies (Ossuary)
  3 worms
  A dart slug (D:1)
  24 orcs
  4 giant cockroaches
  4 gnoll zombies (Ossuary)
  10 goblins
  12 hobgoblins
  4 jackals (D:3)
  2 quokkas
  A ball python (D:1)
  5 bats
  10 frilled lizards
  A giant cockroach zombie (D:6)
  A hobgoblin zombie (Ossuary)
  6 kobolds
  3 kobold zombies (Ossuary)
  A leopard gecko zombie (D:7)
  5 orc zombies (Ossuary)
  6 rats
172 creatures vanquished.

Vanquished Creatures (others)
  A shadow imp (D:6)
  An adder zombie (D:6)
2 creatures vanquished.

Grand Total: 174 creatures vanquished

Notes
Turn   | Place    | Note
-------+----------+-------------------------------------------
     0 | D:1      | tidbits the Gnoll Necromancer began the quest for the Orb.
     0 | D:1      | Reached XP level 1. HP: 13/13 MP: 6/6
   119 | D:1      | Reached XP level 2. HP: 9/19 MP: 3/7
   125 | D:1      | Learned a level 1 spell: Animate Skeleton
   326 | D:1      | HP: 2/20 [hobgoblin (4)]
   356 | D:1      | Reached XP level 3. HP: 1/25 MP: 1/9
   361 | D:1      | Learned a level 3 spell: Vampiric Draining
   365 | D:1      | Learned a level 3 spell: Regeneration
   425 | D:2      | Reached skill level 5 in Spellcasting
   519 | D:2      | Reached skill level 1 in Invocations
   572 | D:2      | Reached skill level 1 in Fighting
   572 | D:2      | Reached skill level 1 in Short Blades
   572 | D:2      | Reached skill level 1 in Long Blades
   572 | D:2      | Reached skill level 1 in Axes
   572 | D:2      | Reached skill level 1 in Maces & Flails
   572 | D:2      | Reached skill level 1 in Polearms
   572 | D:2      | Reached skill level 1 in Staves
   572 | D:2      | Reached skill level 1 in Slings
   572 | D:2      | Reached skill level 1 in Bows
   572 | D:2      | Reached skill level 1 in Crossbows
   572 | D:2      | Reached skill level 1 in Throwing
   572 | D:2      | Reached skill level 1 in Armour
   572 | D:2      | Reached skill level 1 in Shields
   572 | D:2      | Reached skill level 1 in Unarmed Combat
   572 | D:2      | Reached skill level 1 in Evocations
   618 | D:2      | Reached XP level 4. HP: 15/32 MP: 4/11
   721 | D:3      | HP: 1/32 [goblin/dagger (2)]
   729 | D:3      | Found a stormy altar of Qazlal.
   777 | D:3      | Found a hide-covered altar of Uskayaw.
   799 | D:3      | Reached skill level 1 in Conjurations
   799 | D:3      | Reached skill level 1 in Hexes
   799 | D:3      | Reached skill level 1 in Charms
   799 | D:3      | Reached skill level 1 in Summonings
   799 | D:3      | Reached skill level 1 in Translocations
   799 | D:3      | Reached skill level 1 in Transmutations
   799 | D:3      | Reached skill level 1 in Fire Magic
   799 | D:3      | Reached skill level 1 in Ice Magic
   799 | D:3      | Reached skill level 1 in Air Magic
   799 | D:3      | Reached skill level 1 in Earth Magic
   799 | D:3      | Reached skill level 1 in Poison Magic
   828 | D:3      | Found an iron altar of Okawaru.
   926 | D:3      | Found a deep blue altar of Sif Muna.
   985 | D:3      | Found an ornate altar of the Wu Jian Council.
  1069 | D:4      | Reached XP level 5. HP: 30/37 MP: 12/12
  1135 | D:5      | Entered Level 5 of the Dungeon
  1152 | D:5      | Noticed Prince Ribbit
  1168 | D:5      | Killed Prince Ribbit
  1168 | D:5      | Reached skill level 5 in Dodging
  1168 | D:5      | Reached skill level 2 in Invocations
  1168 | D:5      | Reached XP level 6. HP: 20/44 MP: 2/14
  1222 | D:5      | Reached skill level 2 in Fighting
  1222 | D:5      | Reached skill level 2 in Short Blades
  1222 | D:5      | Reached skill level 2 in Long Blades
  1222 | D:5      | Reached skill level 2 in Axes
  1222 | D:5      | Reached skill level 2 in Maces & Flails
  1222 | D:5      | Reached skill level 2 in Polearms
  1222 | D:5      | Reached skill level 2 in Staves
  1222 | D:5      | Reached skill level 2 in Slings
  1222 | D:5      | Reached skill level 2 in Bows
  1222 | D:5      | Reached skill level 2 in Crossbows
  1222 | D:5      | Reached skill level 2 in Throwing
  1222 | D:5      | Reached skill level 2 in Armour
  1222 | D:5      | Reached skill level 2 in Shields
  1222 | D:5      | Reached skill level 2 in Unarmed Combat
  1222 | D:5      | Reached skill level 2 in Evocations
  1259 | D:5      | Found a sand-covered staircase.
  1268 | D:5      | Learned a level 5 spell: Borgnjor's Vile Clutch
  1269 | Ossuary  | Entered an ossuary
  1362 | Ossuary  | Reached XP level 7. HP: 40/50 MP: 13/15
  1513 | D:5      | Noticed Edmund
  1522 | D:5      | Killed Edmund
  1522 | D:5      | Reached skill level 2 in Conjurations
  1522 | D:5      | Reached skill level 2 in Hexes
  1522 | D:5      | Reached skill level 2 in Charms
  1522 | D:5      | Reached skill level 2 in Summonings
  1522 | D:5      | Reached skill level 2 in Translocations
  1522 | D:5      | Reached skill level 2 in Transmutations
  1522 | D:5      | Reached skill level 2 in Fire Magic
  1522 | D:5      | Reached skill level 2 in Ice Magic
  1522 | D:5      | Reached skill level 2 in Air Magic
  1522 | D:5      | Reached skill level 2 in Earth Magic
  1522 | D:5      | Reached skill level 2 in Poison Magic
  1578 | D:6      | Reached skill level 5 in Stealth
  1582 | D:6      | Reached skill level 3 in Invocations
  1616 | D:6      | Reached XP level 8. HP: 57/57 MP: 7/16
  1635 | D:6      | Reached skill level 3 in Fighting
  1635 | D:6      | Reached skill level 3 in Short Blades
  1635 | D:6      | Reached skill level 3 in Long Blades
  1635 | D:6      | Reached skill level 3 in Axes
  1635 | D:6      | Reached skill level 3 in Maces & Flails
  1635 | D:6      | Reached skill level 3 in Polearms
  1635 | D:6      | Reached skill level 3 in Staves
  1635 | D:6      | Reached skill level 3 in Slings
  1635 | D:6      | Reached skill level 3 in Bows
  1635 | D:6      | Reached skill level 3 in Crossbows
  1635 | D:6      | Reached skill level 3 in Throwing
  1635 | D:6      | Reached skill level 3 in Armour
  1635 | D:6      | Reached skill level 3 in Shields
  1635 | D:6      | Reached skill level 3 in Unarmed Combat
  1635 | D:6      | Reached skill level 3 in Evocations
  1753 | D:7      | Noticed p0werm0de's ghost (novice DsFE)
  1782 | D:6      | Found a staircase to the Ecumenical Temple.
  1791 | Temple   | Entered the Ecumenical Temple
  1974 | D:8      | Noticed a hippogriff
  1980 | D:8      | Reached skill level 6 in Spellcasting
  1982 | D:8      | Killed a hippogriff
  2008 | D:8      | Reached skill level 4 in Invocations
  2009 | D:8      | Reached skill level 3 in Conjurations
  2009 | D:8      | Reached skill level 3 in Hexes
  2009 | D:8      | Reached skill level 3 in Charms
  2009 | D:8      | Reached skill level 3 in Summonings
  2009 | D:8      | Reached skill level 3 in Translocations
  2009 | D:8      | Reached skill level 3 in Transmutations
  2009 | D:8      | Reached skill level 3 in Fire Magic
  2009 | D:8      | Reached skill level 3 in Ice Magic
  2009 | D:8      | Reached skill level 3 in Air Magic
  2009 | D:8      | Reached skill level 3 in Earth Magic
  2009 | D:8      | Reached skill level 3 in Poison Magic
  2048 | D:8      | Reached skill level 6 in Dodging
  2048 | D:8      | Reached XP level 9. HP: 28/65 MP: 7/18
  2073 | D:8      | Found a flagged portal.
  2092 | D:8      | Got a scorched spear
  2095 | D:8      | Got a bloodstained spear
  2098 | Bailey   | Entered a bailey
  2110 | Bailey   | Identified the +5 spear of the Aged Realms {elec, rPois rF- Dex+2} (You found it on level 8 of the Dungeon)
  2111 | Bailey   | Identified the +1 spear "Qorchegy" {flame, Int+2} (You found it on level 8 of the Dungeon)
  2177 | Bailey   | Noticed an orc knight
  2190 | Bailey   | Reached skill level 4 in Fighting
  2190 | Bailey   | Reached skill level 4 in Short Blades
  2190 | Bailey   | Reached skill level 4 in Long Blades
  2190 | Bailey   | Reached skill level 4 in Axes
  2190 | Bailey   | Reached skill level 4 in Maces & Flails
  2190 | Bailey   | Reached skill level 4 in Polearms
  2190 | Bailey   | Reached skill level 4 in Staves
  2190 | Bailey   | Reached skill level 4 in Slings
  2190 | Bailey   | Reached skill level 4 in Bows
  2190 | Bailey   | Reached skill level 4 in Crossbows
  2190 | Bailey   | Reached skill level 4 in Throwing
  2190 | Bailey   | Reached skill level 4 in Armour
  2190 | Bailey   | Reached skill level 4 in Shields
  2190 | Bailey   | Reached skill level 4 in Unarmed Combat
  2190 | Bailey   | Reached skill level 4 in Evocations
  2273 | Bailey   | Noticed an orc knight
  2273 | Bailey   | Noticed an orc knight
  2273 | Bailey   | Noticed an orc knight
  2297 | Bailey   | Killed an orc knight
  2297 | Bailey   | Reached skill level 6 in Stealth
  2297 | Bailey   | Reached skill level 8 in Necromancy
  2305 | Bailey   | Killed an orc knight
  2305 | Bailey   | Reached skill level 5 in Invocations
  2316 | Bailey   | Killed an orc knight
  2316 | Bailey   | Reached skill level 7 in Spellcasting
  2316 | Bailey   | Reached skill level 4 in Conjurations
  2316 | Bailey   | Reached skill level 4 in Hexes
  2316 | Bailey   | Reached skill level 4 in Charms
  2316 | Bailey   | Reached skill level 4 in Summonings
  2316 | Bailey   | Reached skill level 4 in Translocations
  2316 | Bailey   | Reached skill level 4 in Transmutations
  2316 | Bailey   | Reached skill level 4 in Fire Magic
  2316 | Bailey   | Reached skill level 4 in Ice Magic
  2316 | Bailey   | Reached skill level 4 in Air Magic
  2316 | Bailey   | Reached skill level 4 in Earth Magic
  2316 | Bailey   | Reached skill level 4 in Poison Magic
  2316 | Bailey   | Reached XP level 10. HP: 73/73 MP: 3/20
  2322 | Bailey   | Killed an orc knight
  2322 | Bailey   | Reached skill level 5 in Fighting
  2322 | Bailey   | Reached skill level 5 in Short Blades
  2322 | Bailey   | Reached skill level 5 in Long Blades
  2322 | Bailey   | Reached skill level 5 in Axes
  2322 | Bailey   | Reached skill level 5 in Maces & Flails
  2322 | Bailey   | Reached skill level 5 in Polearms
  2322 | Bailey   | Reached skill level 5 in Staves
  2322 | Bailey   | Reached skill level 5 in Slings
  2322 | Bailey   | Reached skill level 5 in Bows
  2322 | Bailey   | Reached skill level 5 in Crossbows
  2322 | Bailey   | Reached skill level 5 in Throwing
  2322 | Bailey   | Reached skill level 5 in Armour
  2322 | Bailey   | Reached skill level 5 in Shields
  2322 | Bailey   | Reached skill level 5 in Unarmed Combat
  2322 | Bailey   | Reached skill level 5 in Evocations
  2378 | Bailey   | Got brightly glowing fire dragon scales
  2389 | Bailey   | Identified the cursed +0 fire dragon scales of the Moon {rF++ rC- Str+2 Dex+2} (You found it in a bailey)
  2400 | Bailey   | Noticed an orc knight
  2418 | Bailey   | Killed an orc knight
  2469 | D:8      | Reached skill level 7 in Dodging
  2501 | D:8      | Found a shimmering altar of Xom.
  2571 | D:8      | Found an ancient bone altar of Kikubaaqudgha.
  2571 | D:8      | Found a radiant altar of Vehumet.
  2821 | D:7      | Quit the game

Vault maps used:
D:1:      lemuel_arrival_cross
D:2:      cheibrodos_old_hovel
D:3:      eat_drink_and_be_merry_uskayaw, nicolae_overflow_crystal_walls,
          led_sif_pool, lemuel_coloured_pillars_altar, okawaru_gym_becter
D:5:      marbit_many_paths, first_ration, nicolae_ossuary_entry_plus,
          minmay_tree_intersection, uniq_blork_the_orc, uniq_prince_ribbit1,
          uniq_edmund, uniq_sigmund
D:6:      minmay_opposing_rooms, lemuel_temple_firewalk_b,
          hangedman_decor_riveting, vehumet_altar_wand_db, uniq_eustachio
D:7:      sigmund_army
D:8:      lemuel_round_altar, gammafunk_temple_overflow_wave, lair_entry_dummy,
          enter_bailey_2
D:9:      uniq_gastronok
Temple:   dpeg_chambers_temple
Ossuary:  ossuary_tomb_2
Bailey:   bailey_polearm_1, bailey

Skill      XL: |  1  2  3  4  5  6  7  8  9 10 |
---------------+-------------------------------+-----
Spellcasting   | 5 6 7 |  7.4
Invocations    | 1 2 3 4 5 |  5.8
Fighting       | 1 2 3 4 5 |  5.3
Short Blades   | 1 2 3 4 5 |  5.3
Long Blades    | 1 2 3 4 5 |  5.3
Axes           | 1 2 3 4 5 |  5.3
Maces & Flails | 1 2 3 4 5 |  5.3
Polearms       | 1 2 3 4 5 |  5.3
Staves         | 1 2 3 4 5 |  5.3
Slings         | 1 2 3 4 5 |  5.3
Bows           | 1 2 3 4 5 |  5.3
Crossbows      | 1 2 3 4 5 |  5.3
Throwing       | 1 2 3 4 5 |  5.3
Armour         | 1 2 3 4 5 |  5.3
Shields        | 1 2 3 4 5 |  5.3
Unarmed Combat | 1 2 3 4 5 |  5.3
Evocations     | 1 2 3 4 5 |  5.3
Conjurations   | 1 2 3 4 |  4.3
Hexes          | 1 2 3 4 |  4.3
Charms         | 1 2 3 4 |  4.3
Summonings     | 1 2 3 4 |  4.3
Translocations | 1 2 3 4 |  4.3
Transmutations | 1 2 3 4 |  4.3
Fire Magic     | 1 2 3 4 |  4.3
Ice Magic      | 1 2 3 4 |  4.3
Air Magic      | 1 2 3 4 |  4.3
Earth Magic    | 1 2 3 4 |  4.3
Poison Magic   | 1 2 3 4 |  4.3
Dodging        | 5 6 7 |  7.1
Stealth        | 5 6 |  6.8
Necromancy     | 8 |  8.4

Action                   |  1- 3 |  4- 6 |  7- 9 | 10-12 || total
-------------------------+-------+-------+-------+-------++-------
Melee: Dagger            |     2 |     2 |     2 |     2 ||     8
       Spear             |     7 |    34 |    33 |    60 ||   134
       Club              |     1 |       |       |       ||     1
       Flail             |       |    58 |    68 |       ||   126
       Bite              |       |     3 |    16 |     3 ||    22
       Dire flail        |       |       |    64 |       ||    64
       Punch             |       |       |     1 |     2 ||     3
Throw: Stone             |       |     1 |     1 |     1 ||     3
 Cast: Pain              |    53 |    47 |       |       ||   100
       Regeneration      |     1 |     5 |    13 |       ||    19
       Animate Skeleton  |     1 |       |     3 |     3 ||     7
       Vampiric Draining |       |     1 |     2 |       ||     3
       Borgnjor's Vile C |       |       |    13 |     4 ||    17
Evoke: Wand              |       |       |     1 |     7 ||     8
  Use: Scroll            |       |     4 |     2 |     6 ||    12
       Potion            |       |     1 |     1 |       ||     2
 Stab: Sleeping          |     3 |     4 |     1 |     4 ||    12
       Paralysed         |       |       |       |     2 ||     2
       Distracted        |       |       |       |     1 ||     1
  Eat: Chunk             |       |     1 |     2 |     2 ||     5
       Ration            |       |       |     2 |       ||     2
Armor: Robe              |     4 |    20 |    42 |     7 ||    73
Dodge: Dodged            |    13 |    54 |   165 |    54 ||   286

Table legend:
 A = Spawn XP
 B = Non-spawn XP
 C = Spawn XP percentage of total XP
 D = Spawn monster count
 E = Non-spawn monster count
 F = Spawn count percentage of total count
 G = Total turns spent on level
                    A         B        C        D         E        F      G
               +---------+---------+-------+---------+---------+-------+---------
         Total |       0 |    7209 |   0.0 |       0 |     172 |   0.0 |  2821
               +---------+---------+-------+---------+---------+-------+---------
           D:1 |       0 |      37 |   0.0 |       0 |      25 |   0.0 |   414
           D:2 |       0 |      51 |   0.0 |       0 |      16 |   0.0 |   276
           D:3 |       0 |      76 |   0.0 |       0 |      26 |   0.0 |   356
           D:4 |       0 |      19 |   0.0 |       0 |       3 |   0.0 |    89
           D:5 |       0 |     447 |   0.0 |       0 |       3 |   0.0 |   167
           D:6 |       0 |     678 |   0.0 |       0 |      14 |   0.0 |   283
           D:7 |       0 |     424 |   0.0 |       0 |      17 |   0.0 |   199
           D:8 |       0 |    1656 |   0.0 |       0 |      20 |   0.0 |   286
       Ossuary |       0 |     287 |   0.0 |       0 |      27 |   0.0 |   232
        Bailey |       0 |    3534 |   0.0 |       0 |      21 |   0.0 |   367
               +---------+---------+-------+---------+---------+-------+---------

Table legend:
 A = Turns spent in this place as a percentage of turns spent in the entire game.
 B = Non-inter-level travel turns spent in this place as a percentage of non-inter-level travel turns spent in the entire game.
 C = Inter-level travel turns spent in this place as a percentage of turns spent in this place.
 D = Turns resting spent in this place as a percentage of non-inter-level travel turns spent in this place.
 E = Turns spent auto-exploring this place as a percentage of non-inter-level travel turns spent in this place.
 F = Non-inter-level travel turns spent in this place divided by the number of levels of this place that you've seen.
                   A       B       C       D       E      F
               +-------+-------+-------+-------+-------+----------------------
         Total | 100.0 | 100.0 |   0.0 |   0.0 |   0.0 | 235.1
       Dungeon |  73.5 |  73.5 |   0.0 |   0.0 |   0.0 | 230.3
        Temple |   5.3 |   5.3 |   0.0 |   0.0 |   0.0 | 149.0
       Ossuary |   8.2 |   8.2 |   0.0 |   0.0 |   0.0 | 232.0
        Bailey |  13.0 |  13.0 |   0.0 |   0.0 |   0.0 | 367.0
               +-------+-------+-------+-------+-------+----------------------

Table legend:
 A = Kills in this place as a percentage of kills in entire the game.
 B = Kills by you in this place as a percentage of kills by you in the entire game.
 C = Kills by friends in this place as a percentage of kills by friends in the entire game.
 D = Other kills in this place as a percentage of other kills in the entire game.
 E = Experience gained in this place as a percentage of experience gained in the entire game.
 F = Experience gained in this place divided by the number of levels of this place that you have seen.
                   A       B       C       D       E      F
               +-------+-------+-------+-------+-------+----------------------
         Total | 100.0 | 100.0 |   N/A |   N/A | 100.0 | 600.8
       Dungeon |  72.1 |  72.1 |   N/A |   N/A |  47.0 | 376.4
       Ossuary |  15.7 |  15.7 |   N/A |   N/A |   4.0 | 287.0
        Bailey |  12.2 |  12.2 |   N/A |   N/A |  49.0 | 3534.0
               +-------+-------+-------+-------+-------+----------------------

Vault maps used:
D:1:      lemuel_arrival_cross
D:2:      cheibrodos_old_hovel
D:3:      eat_drink_and_be_merry_uskayaw, nicolae_overflow_crystal_walls,
          led_sif_pool, lemuel_coloured_pillars_altar, okawaru_gym_becter
D:5:      marbit_many_paths, first_ration, nicolae_ossuary_entry_plus,
          minmay_tree_intersection, uniq_blork_the_orc, uniq_prince_ribbit1,
          uniq_edmund, uniq_sigmund
D:6:      minmay_opposing_rooms, lemuel_temple_firewalk_b,
          hangedman_decor_riveting, vehumet_altar_wand_db, uniq_eustachio
D:7:      sigmund_army
D:8:      lemuel_round_altar, gammafunk_temple_overflow_wave, lair_entry_dummy,
          enter_bailey_2
D:9:      uniq_gastronok
Temple:   dpeg_chambers_temple
Ossuary:  ossuary_tomb_2
Bailey:   bailey_polearm_1, bailey
